Map: Orbital Shipyard

Players

Torkel

  • Race: Terran Terran
  • League: Platinum

WeRiano - Winner!

  • Race: Protoss Protoss
  • League: Master

VOD

Have the link to the VOD?

Description

plz help me senpai

Time

  • Played on: Nov. 29, 2015, 12:08 a.m.
  • Length: 15:26
Show
View Real Time Build Order
Export as new Build Order

Torkel Terran 

Build Orders: Reaper Expand, MMM Bio 

Get SALT Encoding   

  12  0:01  SCV  
  13  0:13  SCV  
  14  0:17  Supply Depot  
  14  0:25  SCV  
  15  0:39  SCV  
  15  0:40  Barracks  
  16  0:45  Refinery  
  16  0:51  SCV  
  17  1:03  SCV  
  18  1:15  SCV  
  19  1:27  Orbital Command  
  19  1:29  Reaper  
  20  1:41  Command Center  
  20  1:50  Supply Depot  
  20  1:53  SCV  
  21  2:05  SCV  
  21  2:06  Barracks Reactor  
  21  2:07  Barracks  
  22  2:17  SCV  
  22  2:21  Refinery  
  23  2:25  Factory  
  23  2:29  SCV  
  24  2:41  SCV  
  25  2:47  Marine x2  
  27  2:53  SCV, Orbital Command  
  27  2:57  Barracks Tech Lab  
  28  3:04  Marine x2  
  30  3:05  SCV  
  31  3:18  SCV  
  33  3:20  SCV  
  33  3:23  Marine x2  
  33  3:24  Cyclone  
  33  3:26  Marine  
  39  3:30  SCV  
  39  3:32  SCV  
  39  3:33  Supply Depot  
  41  3:41  Marine x2  
  41  3:42  SCV  
  41  3:44  SCV, Marine  
  46  3:54  SCV  
  47  3:56  SCV, Supply Depot  
  47  3:59  Marine x2  
  51  4:06  SCV, Widow Mine  
  53  4:10  SCV  
  53  4:12  Barracks  
  53  4:13  Starport  
  53  4:15  Engineering Bay  
  54  4:17  Stimpack  
  54  4:19  SCV, Marine x2  
  54  4:20  Marine  
  58  4:24  Supply Depot  
  58  4:25  SCV  
  59  4:33  SCV  
  59  4:36  Factory Reactor  
  59  4:37  SCV  
  61  4:50  Marine  
  61  4:51  Marine x2  
  61  4:52  Medivac  
  66  4:56  Terran Infantry Weapons Level 1  
  66  4:58  SCV x2  
  66  4:59  Supply Depot, Refinery  
  68  5:01  Barracks Tech Lab  
  68  5:05  Supply Depot  
  68  5:10  SCV x2  
  70  5:20  Marine x3  
  70  5:21  Marauder  
  75  5:22  SCV x2  
  77  5:35  Medivac  
  77  5:36  Medivac  
  77  5:37  Widow Mine  
  77  5:38  SCV, Marine x2  
  77  5:41  Refinery  
  86  5:44  Supply Depot x2  
  86  5:45  SCV  
  87  5:51  Barracks  
  87  5:52  Barracks  
  87  5:53  Marauder, Marine  
  87  5:56  Command Center, SCV, Marauder, Marine  
  94  6:03  Missile Turret  
  94  6:07  Missile Turret  
  94  6:09  Supply Depot  
  93  6:15  Marine x2  
  93  6:16  Marauder, Widow Mine  
  93  6:18  Marauder  
  99  6:31  Medivac x2  
  103  6:35  Supply Depot  
  103  6:37  Marauder  
  103  6:39  Marauder  
  107  6:45  Barracks Reactor, Barracks Tech Lab  
  107  6:51  Terran Infantry Armor Level 1  
  107  6:54  Marine  
  107  6:55  Combat Shields, Marine  
  107  6:59  Marauder  
  107  7:00  Supply Depot, Marauder  
  113  7:02  SCV x2  
  110  7:24  Orbital Command  
  110  7:28  Marauder x3, Widow Mine  
  110  7:29  Marine, Medivac x2  
  123  7:34  Missile Turret  
  94  7:44  Orbital Command  
  94  7:49  Marauder x2, Marine x3  
  94  7:50  Marauder  
  101  7:53  SCV x2, Supply Depot  
  103  8:08  SCV x2  
  103  8:10  Marine x4  
  103  8:11  Engineering Bay, Marauder  
  103  8:12  Armory  
  111  8:27  SCV x3  
  113  8:29  Supply Depot  
  114  8:39  SCV x2  
  116  8:41  Marine x4  
  116  8:42  Widow Mine, Marauder x3  
  116  8:43  Medivac  
  116  8:44  Concussive Shells  
  116  8:45  Liberator  
  116  8:46  SCV  
  131  8:51  SCV  
  132  8:59  Marine x3  
  132  9:00  Marine  
  139  9:03  Marauder  
  139  9:04  Marauder x2  
  139  9:06  SCV x2  
  139  9:07  Supply Depot  
  147  9:11  Terran Infantry Weapons Level 2  
  147  9:12  Terran Infantry Armor Level 2  
  147  9:16  Liberator  
  142  9:28  Liberator  
  135  9:32  Marine x3, Marauder x2  
  135  9:33  Marine, Marauder  
  146  9:45  SCV x2, Supply Depot  
  141  9:51  Marine x4  
  145  9:54  Marauder x3  
  145  9:59  Command Center  
  149  10:09  Marine x2  
  145  10:15  Marauder x3  
  145  10:16  Barracks  
  145  10:17  Barracks  
  145  10:18  Barracks  
  145  10:20  Marine x2  
  143  10:27  Refinery x2, Marine  
  144  10:28  Supply Depot  
  142  10:36  Marauder  
  142  10:37  Medivac x2, Widow Mine, Marauder x2  
  154  10:49  Liberator  
  154  10:50  Marine x3  
  154  10:51  Marine  
  158  10:58  Marauder x3  
  167  11:19  Marauder x2  
  159  11:38  Marine x7  
  159  11:39  Marauder, Widow Mine  
  161  11:40  Medivac  
  161  11:41  Marauder x2  
  161  11:49  Medivac  
  150  12:06  Barracks Reactor, Marauder x3  
  150  12:07  Barracks Tech Lab x2, Marine x4  
  150  12:08  Widow Mine  
  159  12:10  Medivac  
  163  12:19  Medivac  
  157  12:24  Terran Infantry Weapons Level 3, Terran Infantry Armor Level 3  
  157  12:33  Marine  
  157  12:34  Marine x3  
  157  12:35  Marauder x3  
  165  12:38  Widow Mine  
  165  12:41  Missile Turret  
  167  12:51  Planetary Fortress  
  167  12:57  Marine x5  
  167  12:58  Marauder, Marine  
  175  12:59  Marauder  
  177  13:16  Liberator  
  177  13:17  Marauder x3, Marine x4  
  188  13:20  Marauder  
  187  13:31  Marine x2, Marauder  
  192  13:34  Marine x2  
  192  13:38  Marauder x3  
  200  13:46  Liberator  
  177  13:59  Liberator  
  150  14:04  Marine x3, Marauder x5  
  150  14:05  Marine  
  158  14:47  Widow Mine, Marauder x5  
Show
View Real Time Build Order
Export as new Build Order

WeRiano Protoss - Winner!

Build Orders: 1 Gate Expand, Oracle Opening 

Get SALT Encoding   

  12  0:01  Probe (Chrono Boost)  
  13  0:12  Probe (Chrono Boost)  
  14  0:17  Pylon  
  14  0:23  Probe (Chrono Boost)  
  15  0:36  Probe (Chrono Boost)  
  15  0:39  Gateway  
  16  0:46  Probe (Chrono Boost)  
  18  0:57  Probe (Chrono Boost)  
  18  1:02  Assimilator  
  18  1:07  Probe (Chrono Boost)  
  19  1:22  Nexus  
  19  1:33  Cybernetics Core  
  19  1:35  Probe (Chrono Boost)  
  20  1:43  Assimilator  
  20  1:46  Probe (Chrono Boost)  
  21  1:51  Pylon  
  21  1:56  Probe (Chrono Boost)  
  22  2:07  Probe (Chrono Boost)  
  23  2:10  Adept (Chrono Boost), Warp Gate  
  24  2:18  Probe  
  25  2:30  Probe  
  25  2:34  Adept (Chrono Boost)  
  28  2:42  Probe  
  29  2:44  Probe  
  29  2:48  Stargate  
  30  2:54  Probe  
  30  2:58  Adept (Chrono Boost)  
  33  2:59  Probe  
  33  3:03  Assimilator  
  34  3:07  Probe  
  34  3:09  Probe  
  36  3:19  Probe  
  37  3:21  Gateway  
  37  3:23  Probe, Adept (Chrono Boost)  
  40  3:31  Probe  
  40  3:33  Pylon, Oracle (Chrono Boost)  
  44  3:34  Probe  
  45  3:52  Probe  
  45  3:53  Probe  
  47  4:02  Probe  
  47  4:03  Robotics Facility  
  47  4:07  Pylon  
  47  4:08  Assimilator  
  48  4:13  Forge  
  48  4:15  Probe (Chrono Boost)  
  48  4:16  Probe (Chrono Boost)  
  50  4:19  Adept x2  
  54  4:27  Mothership Core (Chrono Boost)  
  56  4:34  Probe (Chrono Boost)  
  58  4:46  Probe x2 (Chrono Boost)  
  58  4:50  Pylon  
  58  4:51  Protoss Ground Weapons Level 1 (Chrono Boost)  
  59  4:54  Stalker  
  59  4:55  Robotics Bay  
  59  4:58  Probe (Chrono Boost)  
  62  5:03  Immortal (Chrono Boost), Pylon  
  62  5:12  Probe  
  67  5:17  Probe  
  68  5:21  Stalker x2  
  68  5:24  Probe  
  73  5:29  Probe  
  73  5:34  Pylon  
  74  5:40  Probe  
  74  5:41  Probe  
  76  5:46  Stalker  
  76  5:47  Disruptor  
  76  5:49  Pylon  
  78  5:55  Probe x2  
  78  5:56  Nexus  
  83  6:06  Pylon  
  83  6:07  Probe x2  
  85  6:18  Disruptor, Pylon  
  85  6:19  Probe x2  
  90  6:27  Photon Cannon  
  90  6:29  Photon Cannon  
  90  6:35  Adept x2  
  94  6:43  Gateway  
  94  6:45  Protoss Ground Armor Level 1 (Chrono Boost)  
  94  6:46  Gateway  
  94  6:48  Probe x2  
  96  6:55  Assimilator  
  96  7:00  Probe x2  
  96  7:01  Assimilator  
  98  7:02  Twilight Council  
  98  7:12  Probe  
  99  7:18  Disruptor  
  99  7:19  Adept x2  
  106  7:30  Pylon  
  106  7:31  Pylon  
  106  7:41  Stalker x3  
  104  7:48  Blink (Chrono Boost)  
  104  7:50  Probe x2  
  102  7:52  Colossus  
  102  7:55  Probe  
  103  7:58  Extended Thermal Lance  
  103  8:02  Probe  
  110  8:10  Fleet Beacon  
  110  8:11  Adept x3  
  116  8:12  Adept  
  116  8:13  Gateway  
  116  8:21  Probe x2  
  116  8:23  Pylon  
  116  8:25  Protoss Ground Weapons Level 2 (Chrono Boost)  
  116  8:26  Probe  
  118  8:33  Probe  
  117  8:45  Stalker x4  
  117  8:46  Observer  
  126  8:51  Pylon x2  
  126  8:58  Tempest (Chrono Boost)  
  130  9:05  Nexus, Pylon  
  130  9:06  Gateway x2  
  130  9:09  Pylon  
  129  9:27  Pylon  
  129  9:30  Pylon  
  129  9:34  Oracle  
  127  9:43  Stalker x4  
  127  9:44  Stalker, Resonating Glaives (Chrono Boost)  
  139  10:01  Probe x3  
  139  10:04  Tempest  
  137  10:13  Probe x3  
  142  10:25  Probe x2  
  142  10:28  Assimilator  
  144  10:32  Assimilator  
  144  10:35  Protoss Ground Weapons Level 3  
  144  10:36  Disruptor  
  144  10:37  Robotics Facility  
  144  10:38  Stargate  
  147  10:53  Pylon  
  147  10:56  Pylon  
  147  10:58  Pylon  
  147  11:02  Pylon  
  147  11:05  Pylon  
  142  11:11  Probe  
  142  11:12  Colossus, Probe  
  142  11:13  Probe x2  
  149  11:24  Probe  
  149  11:25  Probe  
  135  11:40  Stalker x5  
  135  11:41  Stalker x2  
  118  12:01  Colossus  
  118  12:05  Colossus  
  130  12:11  Stalker x3  
  130  12:12  Stalker x4  
  144  12:19  Photon Cannon  
  144  12:20  Photon Cannon  
  144  12:22  Photon Cannon  
  144  12:24  Photon Cannon  
  144  12:25  Photon Cannon  
  144  12:29  Photon Cannon  
  144  12:38  Adept x4  
  144  12:39  Adept x3  
  158  12:55  Colossus  
  161  12:59  Observer  
  161  13:01  Nexus  
  161  13:03  Tempest  
  161  13:04  Pylon  
  161  13:05  Charge (Chrono Boost)  
  162  13:07  Adept x7  
  180  13:20  Disruptor  
  168  14:00  Stalker x4  
  168  14:01  Stalker x3  
  168  14:12  Tempest  
  173  14:23  Pylon  
  173  14:25  Zealot x2  
  173  14:26  Zealot x5  
  142  15:17  Stalker x5  
  142  15:18  Stalker x2  
Tags
 
Add a new tag
Caveats
  • Supply blocks, unpowered buildings, or Contaminate may cause inaccurate times.
  • Supply counts are checked every 10 seconds.